 Dungeon Sprint DCSS version 0.29-a0-384-g6960b1960d (webtiles) character file.

Game seed: 17872938114965370032

24159 mhtbhm the Shatterer (level 12, -17/204 HPs)
             Began as a Minotaur Berserker on May 7, 2022.
             Was the Champion of Trog.
             Killed from afar by a fire giant (illusionary) (20 damage)
             ... with a bolt of fire
             ... in the Dungeon (Sprint IX: "|||||||||||||||||||||||||||||").
             The game lasted 00:09:08 (3558 turns).

mhtbhm the Shatterer (Minotaur Berserker)           Turns: 3558, Time: 00:09:08

Health: -17/204    AC: 30    Str: 27    XL:     12   Next: 78%
Magic:  11/11      EV: 16    Int:  4    God:    Trog [******]
Gold:   190        SH:  0    Dex: 10    Spells: 11/11 levels left

rFire   . . .      SeeInvis +   a - +13 dire flail of the Tent {vorpal, rPois rN+ Stlth+}
rCold   . . .      Faith    .   (shield currently unavailable)
rNeg    + . .      Spirit   .   b - +0 storm dragon scales
rPois   +          Reflect  .   n - +2 hat {SInv}
rElec   +          Harm     .   w - +0 cloak
rCorr   .          Rampage  .   J - +1 pair of gloves
Will    .....      NoTele   +   k - +0 pair of boots
Stlth   ..........              B - amulet of regeneration
HPRegen 1.24/turn               C - +4 ring of protection
MPRegen 0.12/turn               v - +4 ring of evasion

@: berserking, very quick
A: horns 2, retaliatory headbutt
a: Renounce Religion, Berserk, Trog's Hand, Brothers in Arms


You were in the Dungeon.
You worshipped Trog.
Trog was exalted by your worship.
You visited 1 branch You collected 1946 gold pieces.
You spent 1756 gold pieces at shops.

Inventory:

Hand Weapons
 a - the +13 dire flail of the Tent (weapon) {vorpal, rPois rN+ Stlth+}
   (Trog gifted it to you in the Dungeon)

   It inflicts extra damage upon your enemies.
   rPois:     It protects you from poison.
   rN:        It protects you from negative energy.
   Stlth:     It makes you more stealthy.
Missiles
 o - a curare-tipped dart
 p - 4 poisoned darts (quivered)
Armour
 b - +0 storm dragon scales (worn)
 k - a +0 pair of boots (worn)
 n - a +2 hat of see invisible (worn)
 w - a +0 cloak (worn)
 J - a +1 pair of gloves (worn)
Jewellery
 j - an amulet of the acrobat
 u - a +4 ring of evasion
 v - a +4 ring of evasion (right hand)
 B - an amulet of regeneration (around neck)
 C - a +4 ring of protection (left hand)
 E - a ring of resist corrosion
 G - a ring of see invisible
 H - a ring of poison resistance
 I - a ring of willpower
Wands
 F - a wand of iceblast (1)
Scrolls
 h - a scroll of blinking
 l - a scroll of identify
 q - a scroll of summoning
 r - 4 scrolls of enchant weapon
 s - 3 scrolls of fog
 t - 4 scrolls of enchant armour
 x - a scroll of fear
 y - a scroll of magic mapping
 z - a scroll of immolation
Potions
 c - 9 potions of curing
 d - 6 potions of heal wounds
 e - a potion of haste
 f - 4 potions of magic
 g - 2 potions of berserk rage
 i - 3 potions of might
 A - a potion of attraction
 D - 2 potions of flight


   Skills:
 + Level 21.3 Fighting
 + Level 22.3 Maces & Flails
 + Level 2.2 Throwing
 + Level 18.2 Armour
 + Level 10.1 Dodging
 + Level 10.5 Stealth
 + Level 5.5 Evocations


You had 11 spell levels left.
You didn't know any spells.
Your spell library was empty.

Dungeon Overview and Level Annotations

Branches:
Dungeon (1/1)

Altars:
Cheibriados
Dithmenos
Elyvilon
Fedhas
Gozag
Hepliaklqana
Kikubaaqudgha
Makhleb
Nemelex Xobeh
Okawaru
Qazlal
Ru
Sif Muna
Trog
Uskayaw
Vehumet
Wu Jian
Xom
Yredelemnul
Zin
The Shining One
Beogh
Jiyva
Lugonu

Shops:
D *?==


Innate Abilities, Weirdness & Mutations

You have a pair of horns on your head.
You reflexively headbutt those who attack you in melee.


Message History

You see here a +0 great sword.
You see here a +1 glaive.
You see here the +5 falchion of a volcano {speed, rC+ rN+ Str-3 SInv}.
You see here a +1 battleaxe.
You see here a +1 double sword.
You see here a +1 longbow.
You see here a +1 battleaxe.
You see here a ring of poison resistance.
There is an open door here.
You start resting.
HP restored.
The rakshasa weaves an illusion.
The fire giant shimmers and seems to become two!
The fire giant gestures at you while chanting.
The bolt of fire hits the fire giant!
The fire giant resists.
The bolt of fire hits you!!!
The tengu warrior shouts!
The fire giant gestures at you while chanting.
The bolt of fire hits the fire giant!
The fire giant resists.
The bolt of fire hits you!!!
The fire giant hits you with a +2 great sword of flaming!!
* * * LOW HITPOINT WARNING * * *
The fire giant burns you!
* * * LOW HITPOINT WARNING * * *
You feel much better.
The fire giant hits you with a +2 great sword of flaming!
* * * LOW HITPOINT WARNING * * *
The fire giant burns you.
* * * LOW HITPOINT WARNING * * *
Unknown command.
A red film seems to cover your vision as you go berserk!
You feel yourself moving faster!
You feel mighty!
The rakshasa blinks!
The fire giant casts a spell at you. The bolt of fire hits you!!!
* * * LOW HITPOINT WARNING * * *
You sock the fire giant! Your headbutt misses the fire giant.
The fire giant is almost dead.
The fire giant casts a spell at you. The bolt of fire hits you!!
You die...

▓)▓.▓)▓.▓.▓.▓.▓
▓R▓.▓)▓.▓.▓.▓.▓
▓.▓.▓(▓.▓.▓.▓.▓
▓=▓.▓.▓.▓.▓.▓.▓
▓Q▓.▓.▓.▓.▓.▓.▓
▓.▓.▓.▓.▓.▓.▓'▓
▓C▓.▓.▓.▓.▓.▓.▓
▓C▓.▓.▓.▓.▓.▓.▓
▓@▓.▓.▓.▓'▓.▓.▓
▓.▓.▓.▓.▓.▓.▓.▓
▓.▓.▓.▓.▓.▓.▓.▓
▓.▓.▓.▓.▓.▓.▓)▓
▓.▓.▓.▓.▓.▓.▓.▓
▓.▓.▓.▓.▓.▓.▓.▓
▓.▓.▓.▓.▓.▓.▓.▓
▓...▓...▓...▓<▓
▓▓▓▓▓▓▓▓▓▓▓▓▓▓▓


You could see 2 fire giants, a rakshasa and a tengu warrior.

Vanquished Creatures
  Gastronok (D)
  A stone giant (D)
  An ettin (D)
  An ice dragon (D)
  2 ogre magi (D)
  2 hydras (D)
  A boulder beetle (D)
  3 catoblepae (D)
  2 two-headed ogres (D)
  A centaur warrior (D)
  5 death yaks (D)
  An orc high priest (D)
  A skeletal warrior (D)
  An orc knight (D)
  An ugly thing (D)
  A cyclops (D)
  A manticore (D)
  Maurice (D)
  A black mamba (D)
  A black mamba (shapeshifter) (D)
  A kobold demonologist (D)
  An unseen horror (D)
  A rime drake (D)
  A freezing wraith (D)
  A komodo dragon (D)
  A troll (D)
  A polar bear (D)
  A slime creature (D)
  4 yaks (D)
  2 basilisks (D)
  A vampire mosquito (D)
  6 water moccasins (D)
  14 orc warriors (D)
  7 ogres (D)
  2 kobold brigands (D)
  3 bullfrogs (D)
  2 hounds (D)
  2 orc priests (D)
  An iguana (D)
  5 orc wizards (D)
  An adder (D)
  An ufetubus (D)
  2 orcs (D)
  A ball python (D)
  A hobgoblin (D)
  A quokka (D)
  A goblin (D)
  A rat (D)
95 creatures vanquished.

Vanquished Creatures (collateral kills)
  A stone giant (D)
  2 two-headed ogres (D)
  A necromancer (D)
  An ogre (D)
5 creatures vanquished.

Grand Total: 100 creatures vanquished

Notes
Turn   | Place    | Note
-------+----------+-------------------------------------------
     0 | D        | mhtbhm the Minotaur Berserker began the quest for the Orb.
     0 | D        | Reached XP level 1. HP: 19/19 MP: 0/0
     5 | D        | Reached skill level 4 in Maces & Flails
    10 | D        | Reached ** piety under Trog
    36 | D        | Noticed an iguana
    36 | D        | Noticed a hound
    36 | D        | Noticed a hound
    40 | D        | Reached XP level 2. HP: 28/28 MP: 1/1
    43 | D        | Reached *** piety under Trog
    44 | D        | Reached skill level 6 in Maces & Flails
    44 | D        | Reached XP level 3. HP: 30/37 MP: 2/2
    47 | D        | Reached skill level 7 in Maces & Flails
    47 | D        | Reached XP level 4. HP: 35/45 MP: 3/3
    57 | D        | Reached skill level 8 in Maces & Flails
    63 | D        | Found a snail-covered altar of Cheibriados.
    63 | D        | Found a shadowy altar of Dithmenos.
    63 | D        | Found a white marble altar of Elyvilon.
    63 | D        | Found a blossoming altar of Fedhas.
    63 | D        | Found an opulent altar of Gozag.
    64 | D        | Found a hazy altar of Hepliaklqana.
    65 | D        | Found a viscous altar of Jiyva.
    66 | D        | Found an ancient bone altar of Kikubaaqudgha.
    67 | D        | Found a corrupted altar of Lugonu.
    68 | D        | Found a burning altar of Makhleb.
    69 | D        | Found a sparkling altar of Nemelex Xobeh.
    70 | D        | Found an iron altar of Okawaru.
    71 | D        | Found a stormy altar of Qazlal.
    74 | D        | Found a sacrificial altar of Ru.
    75 | D        | Found a shimmering blue altar of Sif Muna.
    76 | D        | Found a bloodstained altar of Trog.
    77 | D        | Found a hide-covered altar of Uskayaw.
    78 | D        | Found a radiant altar of Vehumet.
    79 | D        | Found an ornate altar of the Wu Jian Council.
    80 | D        | Found a shimmering altar of Xom.
    81 | D        | Found a basalt altar of Yredelemnul.
    82 | D        | Found a glowing silver altar of Zin.
    83 | D        | Found a glowing golden altar of the Shining One.
   254 | D        | Noticed a yak
   254 | D        | Noticed a kobold brigand
   254 | D        | Noticed a troll
   254 | D        | Noticed an orc warrior
   254 | D        | Noticed a kobold brigand
   266 | D        | Killed a kobold brigand
   266 | D        | Reached **** piety under Trog
   267 | D        | Reached skill level 9 in Maces & Flails
   267 | D        | Reached XP level 5. HP: 48/56 MP: 4/4
   275 | D        | Killed an orc warrior
   276 | D        | Reached skill level 10 in Maces & Flails
   276 | D        | Reached skill level 5 in Armour
   276 | D        | Reached skill level 5 in Dodging
   276 | D        | Reached XP level 6. HP: 40/64 MP: 5/5
   282 | D        | Killed a troll
   283 | D        | Reached skill level 10 in Fighting
   283 | D        | Reached skill level 12 in Maces & Flails
   293 | D        | Reached XP level 7. HP: 33/74 MP: 6/6
   296 | D        | Killed a yak
   296 | D        | Reached ***** piety under Trog
   297 | D        | Reached skill level 13 in Maces & Flails
   304 | D        | Killed an unseen horror
   305 | D        | Reached skill level 14 in Maces & Flails
   483 | D        | Noticed a catoblepas
   483 | D        | Noticed a kobold demonologist
   483 | D        | Noticed a manticore
   483 | D        | Noticed a vampire mosquito
   483 | D        | Noticed a centaur warrior
   483 | D        | Noticed a boulder beetle
   497 | D        | Killed a centaur warrior
   497 | D        | Killed a vampire mosquito
   497 | D        | Killed a manticore
   497 | D        | Received a gift from Trog
   497 | D        | Killed a kobold demonologist
   498 | D        | Reached skill level 16 in Maces & Flails
   498 | D        | Reached XP level 8. HP: 25/89 MP: 7/7
   498 | D        | Reached XP level 9. HP: 26/95 MP: 8/8
   502 | D        | Killed a boulder beetle
   503 | D        | Reached skill level 17 in Maces & Flails
   503 | D        | Reached skill level 10 in Armour
   926 | D        | Killed a catoblepas
   927 | D        | Reached skill level 1 in Throwing
  1181 | D        | Noticed a rime drake
  1181 | D        | Noticed a black mamba
  1187 | D        | Killed a black mamba
  1188 | D        | Reached skill level 15 in Fighting
  1192 | D        | Reached XP level 10. HP: 96/105 MP: 9/9
  1210 | D        | Reached skill level 18 in Maces & Flails
  1213 | D        | Received a gift from Trog
  1358 | D        | Noticed a five-headed hydra
  1358 | D        | Noticed a seven-headed hydra
  1362 | D        | Noticed a death yak
  1703 | D        | Killed a seven-headed hydra
  1704 | D        | Reached skill level 1 in Stealth
  1711 | D        | Killed a five-headed hydra
  1731 | D        | Killed a death yak
  1746 | D        | Reached ****** piety under Trog
  1746 | D        | Received a gift from Trog
  2120 | D        | Noticed a death yak
  2120 | D        | Noticed a catoblepas
  2120 | D        | Noticed a catoblepas
  2120 | D        | Noticed a death yak
  2129 | D        | Noticed a death yak
  2134 | D        | Noticed a death yak
  2138 | D        | Killed a death yak
  2139 | D        | Reached skill level 5 in Stealth
  2139 | D        | Reached XP level 11. HP: 91/117 MP: 10/10
  2142 | D        | Killed a catoblepas
  2163 | D        | Killed a catoblepas
  2164 | D        | Reached skill level 15 in Armour
  2177 | D        | Killed a death yak
  2182 | D        | Killed a death yak
  2182 | D        | Received a gift from Trog
  2183 | D        | Reached skill level 19 in Maces & Flails
  2190 | D        | Killed a death yak
  2511 | D        | Noticed Gastronok
  2526 | D        | Killed Gastronok
  2526 | D        | Received a gift from Trog
  2691 | D        | Noticed a stone giant
  2700 | D        | Killed a stone giant
  2716 | D        | Identified the +13 dire flail of the Tent {vorpal, rPois
                  | rN+ Stlth+} (Trog gifted it to you in the Dungeon)
  2716 | D        | Received a gift from Trog
  2732 | D        | Received a gift from Trog
  2836 | D        | Noticed an orc knight
  2842 | D        | Killed an orc knight
  2843 | D        | Noticed an orc high priest
  2852 | D        | Reached skill level 5 in Evocations
  2857 | D        | Received a gift from Trog
  2865 | D        | Killed an orc high priest
  2866 | D        | Reached skill level 20 in Maces & Flails
  2871 | D        | Received a gift from Trog
  3049 | D        | Found Ifucvusega's Jewellery Boutique.
  3049 | D        | Noticed an ogre mage
  3055 | D        | Killed an ogre mage
  3056 | D        | Reached skill level 10 in Stealth
  3056 | D        | Reached XP level 12. HP: 130/130 MP: 11/11
  3057 | D        | Found Werchios's Jewellery Shop.
  3061 | D        | Found Asajoxacs's Magic Scroll Boutique.
  3062 | D        | Received a gift from Trog
  3063 | D        | Noticed a two-headed ogre
  3063 | D        | Noticed a two-headed ogre
  3064 | D        | Found Yfoceotu's Assorted Antiques.
  3068 | D        | Killed a two-headed ogre
  3068 | D        | Noticed a two-headed ogre
  3069 | D        | Noticed a two-headed ogre
  3070 | D        | Killed a two-headed ogre
  3081 | D        | Killed a two-headed ogre
  3086 | D        | Killed a two-headed ogre
  3175 | D        | Bought a scroll of fear for 49 gold pieces
  3175 | D        | Bought a scroll of identify for 28 gold pieces
  3175 | D        | Bought a scroll of magic mapping for 49 gold pieces
  3177 | D        | Bought a scroll labelled ETEUFR VELUA for 26 gold pieces
  3177 | D        | Bought a sedimented grey potion for 23 gold pieces
  3177 | D        | Bought a puce potion for 23 gold pieces
  3177 | D        | Bought a puce potion for 23 gold pieces
  3177 | D        | Bought a smoky green potion for 23 gold pieces
  3177 | D        | Bought 2 sapphire potions for 46 gold pieces
  3179 | D        | Bought a scroll of identify for 28 gold pieces
  3179 | D        | Bought a scroll of identify for 28 gold pieces
  3179 | D        | Bought a scroll of identify for 28 gold pieces
  3192 | D        | Bought a +4 ring of evasion for 396 gold pieces
  3192 | D        | Bought an amulet of regeneration for 330 gold pieces
  3192 | D        | Bought a +4 ring of protection for 396 gold pieces
  3194 | D        | Bought a ring of resist corrosion for 260 gold pieces
  3226 | D        | Noticed Maurice
  3236 | D        | Killed Maurice
  3237 | D        | Reached skill level 21 in Maces & Flails
  3395 | D        | Noticed an ogre mage
  3401 | D        | Received a gift from Trog
  3414 | D        | Noticed a rakshasa
  3417 | D        | Noticed a stone giant
  3417 | D        | Noticed an ettin
  3419 | D        | Killed an ogre mage
  3420 | D        | Reached skill level 10 in Dodging
  3424 | D        | Noticed an ice dragon
  3425 | D        | Received a gift from Trog
  3436 | D        | Killed a stone giant
  3437 | D        | Reached skill level 22 in Maces & Flails
  3440 | D        | Noticed a fire giant
  3443 | D        | Killed an ettin
  3443 | D        | Noticed a tengu warrior
  3448 | D        | Killed an ice dragon
  3557 | D        | HP: 3/204 [fire giant (illusionary)/bolt of fire (45)]
  3558 | D        | Killed from afar by a fire giant (illusionary)

Illustrated notes

Levels and vault maps discovered:
D:        linesprint [early_d, line_temple, items_1, d_10, items_2, lair_1,
          lair_end, items_3, orc_1, orc_end, items_4, d_15, swamp_1, shoals_1,
          snake_1, spider_1, d_20, vaults_1, items_5, swamp_end, shoals_end,
          snake_end, spider_end, vaults_end, d_27, items_6, zot_1, zot_end,
          crypt_end, forest_end, elf_end, slime_end, tomb_end, abyss_end,
          pan_hell_end]

Skill      XL: |  1  2  3  4  5  6  7  8  9 10 11 12 |
---------------+-------------------------------------+-----
Fighting       | 4 6 8 9 11 14 15 17 19 21 | 21.3
Maces & Flails | 4 6 7 9 10 12 16 17 18 20 22 | 22.3
Armour         | 3 4 5 6 9 11 14 16 18 | 18.2
Dodging        | 3 4 5 6 8 9 10 | 10.1
Evocations     | 2 3 4 5 |  5.5
Throwing       | 1 2 |  2.2
Stealth        | 5 10 | 10.5

Action                   |  1- 3 |  4- 6 |  7- 9 | 10-12 || total
-------------------------+-------+-------+-------+-------++-------
Melee: Mace              |    17 |    46 |    44 |   136 ||   243
       Headbutt          |     3 |     8 |    15 |    53 ||    79
       Punch             |       |     2 |     2 |     1 ||     5
       Morningstar       |       |       |       |    50 ||    50
       Dire flail        |       |       |       |    82 ||    82
Throw: Dart              |       |       |     3 |       ||     3
Invok: Berserk           |       |       |       |     6 ||     6
       Brothers in Arms  |       |       |       |     3 ||     3
Evoke: Wand              |       |     1 |     5 |     6 ||    12
  Use: Potion            |       |     1 |     1 |     4 ||     6
       Scroll            |       |       |       |     6 ||     6
 Stab: Invisible         |       |       |       |     8 ||     8
       Petrified         |       |       |       |     7 ||     7
       Distracted        |       |       |       |     1 ||     1
Armor: Animal skin       |     3 |     1 |       |       ||     4
       Plate armour      |       |    12 |    26 |    97 ||   135
       Storm dragon scal |       |       |       |    10 ||    10
Dodge: Dodged            |    15 |    21 |     9 |   119 ||   164

Table legend: (Time is in decaauts)
 A = Elapsed time spent in this place.
 B = Non-inter-level travel time spent in this place.
 C = Inter-level travel time spent in this place.
 D = Time resting spent in this place.
 E = Time spent auto-exploring this place.
 F = Levels seen in this place.
 G = Mean time per level.
                   A        B        C        D        E       F      G
               +--------+--------+--------+--------+--------+-----+--------+
         Total |   3477 |   3477 |      0 |   2089 |    210 |   1 | 3477.0 |
       Dungeon |   3477 |   3477 |      0 |   2089 |    210 |   1 | 3477.0 |
               +--------+--------+--------+--------+--------+-----+--------+

Top non-repeatable levels by time:
       D: 3477 daAuts
